 Dungeon Sprint DCSS version 0.30-a0-371-gad7725a93e (webtiles) character file.

Game seed: 15028046664988816285

52 mhtbhm the Covered (level 3, -2/36 HPs)
             Began as an Armataur Fighter on Nov 20, 2022.
             Drowned by a water elemental (7 damage)
             ... in the Dungeon (Sprint III: "The Ten Rune Challenge").
             The game lasted 00:00:39 (298 turns).

mhtbhm the Covered (Armataur Fighter)                Turns: 298, Time: 00:00:40

Health: -2/36      AC: 11    Str: 26    XL:     3   Next: 60%
Magic:  3/3        EV:  7    Int: 11    God:
Gold:   23         SH:  4    Dex:  7    Spells: 2/2 levels left

rFire   . . .      SeeInvis .    a - +0 flail
rCold   . . .      Faith    .    c - +0 buckler
rNeg    . . .      Spirit   .    b - +0 scale mail
rPois   .          Reflect  .    (no helmet)
rElec   .          Harm     .    (no cloak)
rCorr   .          Roll     +    (no gloves)
Will    .....      Rage     3%   (no barding)
Stlth   .......... NoTele   +    (no amulet)
HPRegen 0.26/turn                (no ring)
MPRegen 0.08/turn                (no ring)

@: engulfed (cannot breathe)
A: large, rugged brown scales 3, deformed body, armoured tail, roll, long
tongue, awkward tongue, stinger 1, iridescent scales 2, berserk 1, clever 1,
strong 1
a: no special abilities


You were in the Dungeon.
You visited 1 branch You collected 23 gold pieces.

Inventory:

Hand Weapons
 a - a +0 flail (weapon)
Armour
 b - a +0 scale mail (worn)
 c - a +0 buckler (worn)
Scrolls
 f - 2 scrolls of torment {unknown}
 i - 2 scrolls of identify
 j - a scroll of blinking
 k - a scroll of enchant armour {unknown}
 m - a scroll of vulnerability {unknown}
Potions
 d - a potion of might
 e - 2 potions of mutation
 g - a potion of haste
 h - 3 potions of magic
 l - 4 potions of flight


   Skills:
 + Level 4.4 Fighting
 + Level 3.5 Maces & Flails
 + Level 5.3 Armour
 + Level 5.2 Shields


You had 2 spell levels left.
You didn't know any spells.
Your spell library was empty.

Dungeon Overview and Level Annotations

Branches:
Dungeon (1/1)

Altars:


Innate Abilities, Weirdness & Mutations

You are completely covered in rugged brown scales. (AC +3, +7% HP)
Armour fits poorly on your strangely shaped body.
You have a long armoured tail.
You roll when moving toward enemies. (Rampage)
Your long tongue fully drains potion bottles. (2x potion effects)
Your tongue gives you trouble enunciating. (1.5x scroll delay)
Your tail ends in a venomous barb.
You are mostly covered in iridescent scales. (AC +4)
You sometimes lose your temper in combat.
Your mind is acute. (Int +4, Str/Dex -1)
Your muscles are strong. (Str +4, Int/Dex -1)


Message History

No target in view!
No target in view!
No target in view!
You open the door.
Found 23 gold pieces and 2 sedimented coppery potions.
There is an open door here.
You now have 9 gold pieces.
e - a sedimented coppery potion;
f - a scroll labelled SIROPN FOAQ
i - 2 scrolls of identify;
h - 3 potions of magic (gained 1)
l - 2 potions of flight
e - 2 sedimented coppery potions (gained 1)
f - 2 scrolls labelled SIROPN FOAQ (gained 1)
m - a scroll labelled YJEQYT HEOWAXI
e - 3 sedimented coppery potions (gained 1)
l - 4 potions of flight (gained 2)
You now have 23 gold pieces (gained 14).
There is an open door here.
You slurp down every last drop of the 3 sedimented coppery potions!
It was a potion of mutation.
You feel extremely strange.
A venomous barb forms on the end of your tail.
Iridescent scales grow over part of your body.
You feel stronger.
You feel a little pissed off.
You feel clever.
Iridescent scales spread over more of your body.
You start resting.
HP restored.
You open the door.
A water elemental comes into view.
You roll towards the water elemental!
You barely miss the water elemental. You tail-slap the water elemental!
The water elemental is moderately damaged.
The water elemental hits you!
The water elemental engulfs you in water!
The water elemental hits you!
You barely miss the water elemental.
The water elemental is moderately damaged.
* * * LOW HITPOINT WARNING * * *
Your lungs strain for air!
The water elemental barely misses you.
You hit the water elemental.
The water elemental is moderately damaged.
You die...

▓▓▓▓▓▓▓▓▓ ▓▓▓
▓<..#(..#### ##.#
▓...#......#####..#
▓..##.......#..#..#
▓##.##.##..)#..#..# #+#+#
##.##.###..##'#..#......
▓#.####.##..###...'.⌠....
▓.###..##..####...#...###
▓#.....##.@###....# ⌠.#
###..##..E##.....# .#
##..##....#......# #
#..###..##.#.....# #..#
#.. ####....# ▓▓▓▓ ▓▓▓
▓▓▓▓▓▓


You could see a water elemental.

Vanquished Creatures
  Jessica (D)
  A human (D)
  A phantom (D)
  2 endoplasms (D)
  A rat (D)
6 creatures vanquished.

Notes
Turn   | Place    | Note
-------+----------+-------------------------------------------
     0 | D        | mhtbhm the Armataur Fighter began the quest for the Orb.
     0 | D        | Reached XP level 1. HP: 19/19 MP: 1/1
    72 | D        | Noticed Jessica
    86 | D        | Killed Jessica
    87 | D        | Reached skill level 5 in Armour
    87 | D        | Reached XP level 2. HP: 17/28 MP: 2/2
    87 | D        | Reached XP level 3. HP: 21/35 MP: 3/3
   176 | D        | Reached skill level 5 in Shields
   281 | D        | Gained mutation: Your tail ends in a venomous barb. [potion
                  | of mutation]
   281 | D        | Gained mutation: You are partially covered in iridescent
                  | scales. (AC +2) [potion of mutation]
   281 | D        | Gained mutation: Your muscles are strong. (Str +4, Int/Dex
                  | -1) [potion of mutation]
   281 | D        | Gained mutation: You sometimes lose your temper in combat.
                  | [potion of mutation]
   281 | D        | Gained mutation: Your mind is acute. (Int +4, Str/Dex -1)
                  | [potion of mutation]
   281 | D        | Gained mutation: You are mostly covered in iridescent
                  | scales. (AC +4) [potion of mutation]
   285 | D        | Noticed a water elemental
   298 | D        | Drowned by a water elemental

Illustrated notes

Levels and vault maps discovered:
D:        dungeon_sprint_mu [sprint_mu_entry_cave, sprint_mu_temple_rooms,
          sprint_mu_d1_spiders, sprint_mu_d2_genie, sprint_mu_d3_branching,
          sprint_mu_orc_legion, sprint_mu_elf_gauntlet, sprint_mu_hive_nellie,
          sprint_mu_lair_fedhas, sprint_mu_vaults_butterflies,
          sprint_mu_slime_circle, sprint_mu_swamp_cave, sprint_mu_shoals_kraken,
          sprint_mu_blade_basic, sprint_mu_crypt_fortress,
          sprint_mu_tomb_spiral, sprint_mu_vestibule_basic,
          sprint_mu_gehenna_hellfire, sprint_mu_dis_giant,
          sprint_mu_tartarus_statrot, sprint_mu_cocytus_islands, sprint_mu_zot1]

Skill      XL: |  1  2  3 |
---------------+----------+-----
Fighting       | 4 |  4.4
Armour         | 5 |  5.3
Maces & Flails | 3 |  3.5
Shields        | 4 5 |  5.2

Action                   || total
-------------------------++-------
Melee: Flail             ||    33
       Tailslap          ||     3
  Use: Potion            ||     4
Armor: Scale mail        ||     4
Dodge: Dodged            ||     8
Block: Buckler           ||     7

Table legend: (Time is in decaauts)
 A = Elapsed time spent in this place.
 B = Non-inter-level travel time spent in this place.
 C = Inter-level travel time spent in this place.
 D = Time resting spent in this place.
 E = Time spent auto-exploring this place.
 F = Levels seen in this place.
 G = Mean time per level.
                   A        B        C        D        E       F      G
               +--------+--------+--------+--------+--------+-----+--------+
         Total |    323 |    323 |      0 |    190 |     14 |   1 |  323.0 |
       Dungeon |    323 |    323 |      0 |    190 |     14 |   1 |  323.0 |
               +--------+--------+--------+--------+--------+-----+--------+

Top non-repeatable levels by time:
       D: 323 daAuts
